 Dungeon Crawl Stone Soup version 0.32-a0-132-g2d33c3cfaf (webtiles) character file.

Game seed: 1838373185876538182

2487 BubbleThief the Cleaver (level 9, -4/84 HPs)
             Began as a Hill Orc Fighter on Feb 9, 2024.
             Was an Initiate of Fedhas.
             Killed from afar by a raiju (21 damage)
             ... with a living lightning
             ... on level 7 of the Dungeon.
             The game lasted 00:08:17 (6284 turns).

BubbleThief the Cleaver (Hill Orc Fighter)          Turns: 6284, Time: 00:08:17

Health: -4/84      AC:  8    Str: 23    XL:     9   Next: 52%
Magic:  9/9        EV: 10    Int:  8    God:    Fedhas [......]
Gold:   269        SH:  9    Dex: 10    Spells: 8/8 levels left

rFire   . . .        q - +0 hand axe (drain)
rCold   . . .        c - +0 buckler
rNeg    . . .        H - +3 leather armour "Peumn" {Slay+3}
rPois   +            i - +1 hat
rElec   .            (no cloak)
rCorr   .            F - +0 pair of gloves
SInv    .            (no boots)
Will    .....        f - amulet of reflection
Stlth   +            w - ring of poison resistance
HPRegen 0.34/turn    (no ring)
MPRegen 0.11/turn

%: reflection
@: no status effects
A: no striking features
a: Renounce Religion


You were on level 7 of the Dungeon.
You worshipped Fedhas.
Fedhas was noncommittal.
You visited 2 branches of the dungeon, and saw 8 of its levels.
You also visited: Sewer.

You collected 269 gold pieces.

Inventory:

Hand Weapons
 a - a +0 war axe
 q - a +0 hand axe of draining (weapon)
Missiles
 g - 18 poisoned darts
 G - a curare-tipped dart
Armour
 b - a +0 scale mail
 c - a +0 buckler (worn)
 i - a +1 hat (worn)
 F - a +0 pair of gloves (worn)
 H - the +3 leather armour "Peumn" (worn) {Slay+3}
   (You found it on level 7 of the Dungeon)

   Slay+3:    It affects your accuracy & damage with ranged weapons and melee
   (+3).
Jewellery
 f - an amulet of reflection (around neck)
 r - a ring of wizardry
 u - a ring of ice
 w - a ring of poison resistance (left hand)
Wands
 v - a wand of digging (7)
 A - a wand of charming (3) (quivered)
 D - a wand of flame (18)
Scrolls
 n - 4 scrolls of identify
 o - a scroll of fog
 p - 2 scrolls of enchant weapon {unknown}
 s - 2 scrolls of enchant armour {unknown}
 x - 3 scrolls of teleportation
 y - a scroll of fear {unknown}
Potions
 d - a potion of invisibility {unknown}
 e - 3 potions of lignification
 h - 3 potions of haste {unknown}
 j - a potion of mutation {unknown}
 k - a potion of experience {unknown}
 l - a potion of heal wounds
 m - 3 potions of magic {unknown}
 t - 4 potions of brilliance {unknown}
 z - a potion of ambrosia {unknown}
 B - 2 potions of resistance {unknown}
 C - 3 potions of curing
 E - a potion of degeneration {unknown}


   Skills:
 + Level 9.5 Fighting
 * Level 13.4 Axes
 - Level 3.2 Armour
 - Level 3.2 Shields


You had 8 spell levels left.
You didn't know any spells.
Your spell library contained the following spells:

 Spells                   Type           Power      Damage    Failure   Level
 Necrotise                Necr           0%         1d4       52%         1
 Summon Small Mammal      Summ           0%         N/A       52%         1
 Call Canine Familiar     Summ           0%         N/A       88%         3
 Ozocubu's Armour         Ice            0%         N/A       88%         3
 Vampiric Draining        Necr           0%         2d6       88%         3
 Martyr's Knell           Necr/Summ      0%         N/A       99%         4
 Summon Blazeheart Golem  Fire/Summ      0%         N/A       99%         4
 Curse of Agony           Necr           0%         N/A       100%        5
 Metabolic Englaciation   Hex/Ice        0%         N/A       100%        5
 Sculpt Simulacrum        Ice/Alch       0%         N/A       100%        6


Dungeon Overview and Level Annotations

Branches:
Dungeon (7/15)             Temple (1/1) D:6           Sewer (visited)

Altars:
Ashenzari
Dithmenos
Fedhas
Gozag
Kikubaaqudgha
Makhleb
Qazlal
Sif Muna
Uskayaw
Wu Jian
Yredelemnul
The Shining One

Shops:
D:6 [   D:7 (

Annotations:
D:3 Grinder


Message History

You hear a splash.
The raiju barks!
Unknown command.
Unknown command.
Okay, then.
Okay, then.
You closely miss the raiju.
The raiju bursts into living lightning!
The living lightning hits you.
* * * LOW HITPOINT WARNING * * *
The raiju blinks!
Unknown command.
Unknown command.
Aiming: Charm
Press: ? - help, Shift-Dir - straight line, f - raiju
Aim: a raiju (chance to affect: 49%)
The raiju resists with some effort.
Unknown command.
Unknown command.
Aiming: Charm
Press: ? - help, Shift-Dir - straight line, f/p - raiju
Aim: a raiju (chance to affect: 49%)
The raiju resists with some effort.
The raiju bites you but does no damage.
Unknown command.
Unknown command.
You hit the raiju.
The raiju is lightly wounded.
You hit the raiju. You drain the raiju.
The raiju is lightly wounded.
The raiju bursts into living lightning!
The living lightning misses you.
The raiju blinks!
Aiming: Charm
Press: ? - help, Shift-Dir - straight line, f/p - raiju
Aim: a raiju (lightly wounded, lightly drained, chance to affect: 50%)
The raiju resists with significant effort.
Unknown command.
Unknown command.
The raiju bursts into living lightning!
The living lightning hits you!!
You die...
Fedhas appreciates your contribution to the ecosystem.

#########
#....5h.##
#...###..##
#~~... ##..#
#~...† ##.######
#~~...S
#.@.#..##
#~..§~≈
###.....###
~~...~#
####....##
~...~~ ###.....#
### # #.......#
#.###
##......####.#..
#..............
##.............
#.............


You could see a raiju (drained) and a white imp.

Vanquished Creatures
  Duvessa (D:5)
  Pargi (Sewer)
  2 ice beasts
  2 black bears
  An ogre (D:4)
  A phantom (D:5)
  2 kobold brigands (D:7)
  A brain worm (Sewer)
  A gnoll sergeant (D:4)
  A scorpion (D:5)
  A bullfrog (D:7)
  Dowan (D:5)
  7 killer bees
  An electric eel (D:7)
  4 howler monkeys
  2 jellies
  8 orc priests
  4 hounds
  2 iguanas
  A sleepcap (D:5)
  5 orc wizards
  3 gnolls (D:5)
  11 adders
  A white imp (D:6)
  A dart slug (D:2)
  13 orcs
  9 ball pythons
  4 bats
  4 endoplasms
  3 giant cockroaches
  11 hobgoblins
  5 jackals (D:2)
  16 kobolds
  3 quokkas
  6 frilled lizards
  4 rats
143 creatures vanquished.

Notes
Turn   | Place    | Note
-------+----------+-------------------------------------------
     0 | D:1      | BubbleThief the Hill Orc Fighter began the quest for the
                  | Orb.
     0 | D:1      | Reached XP level 1. HP: 19/19 MP: 1/1
   106 | D:1      | Reached skill level 3 in Axes
   248 | D:1      | Reached XP level 2. HP: 27/27 MP: 2/2
  1339 | D:2      | Reached skill level 4 in Axes
  1422 | D:2      | Reached XP level 3. HP: 33/33 MP: 3/3
  2147 | D:2      | Reached XP level 4. HP: 39/41 MP: 4/4
  2179 | D:2      | Reached skill level 5 in Axes
  2428 | D:3      | Noticed Grinder
  2496 | D:4      | Reached skill level 5 in Fighting
  2496 | D:4      | Reached XP level 5. HP: 45/48 MP: 5/5
  2505 | D:4      | Reached skill level 6 in Axes
  2553 | D:4      | Found a glowing drain.
  2562 | Sewer    | Entered a sewer
  2666 | Sewer    | Noticed Pargi
  2675 | Sewer    | Killed Pargi
  2676 | Sewer    | Reached skill level 7 in Axes
  2676 | Sewer    | Reached XP level 6. HP: 23/57 MP: 4/6
  2906 | D:4      | Reached skill level 8 in Axes
  2906 | D:4      | Reached XP level 7. HP: 50/63 MP: 7/7
  3544 | D:5      | Entered Level 5 of the Dungeon
  3565 | D:5      | Reached skill level 9 in Axes
  3749 | D:5      | Noticed Dowan
  3794 | D:4      | Reached XP level 8. HP: 68/73 MP: 8/8
  3875 | D:5      | Reached skill level 10 in Axes
  4323 | D:5      | Reached skill level 11 in Axes
  4552 | D:5      | Noticed Duvessa
  4571 | D:5      | Killed Duvessa
  4582 | D:5      | Killed Dowan
  5262 | D:6      | Reached skill level 12 in Axes
  5262 | D:6      | Reached XP level 9. HP: 69/82 MP: 9/9
  5537 | D:6      | Found a staircase to the Ecumenical Temple.
  5546 | Temple   | Entered the Ecumenical Temple
  5554 | Temple   | Became a worshipper of Fedhas Madash
  5688 | D:6      | Found Asuceory's Armour Boutique.
  5837 | D:7      | Found Epahure's Antique Weapon Shoppe.
  5931 | D:7      | Reached skill level 13 in Axes
  6049 | D:7      | Identified the +3 leather armour "Peumn" {Slay+3}
  6284 | D:7      | Killed from afar by a raiju

Illustrated notes

Levels and vault maps discovered:
D:1:      psy_arrival_fountain, layout_loops_corners, serial_forest,
          infiniplex_forest_end_3, infiniplex_forest_clump_cross,
          infiniplex_forest_side_room, infiniplex_forest_end_1,
          infiniplex_forest_straight_2, infiniplex_forest_zigzag_2,
          serial_bayou_lagoon_b
D:2:      layout_loops_corners, minmay_unequal
D:3:      layout_basic, chequers_temple_overflow_minitemple, uniq_grinder
D:4:      layout_loops_cross, portal_sewer_entry_d, nrook_mini_vaults
D:5:      layout_cave_pods, uniq_duvessa
D:6:      layout_loops_ring, temple_hall, serial_shops,
          nicolae_shop_window_shopping
D:7:      layout_cave_pools, serial_shops, nicolae_shop_trees,
          nicolae_have_a_lightning_rod
Temple:   hc_temple_tempest_star

Skill      XL: |  1  2  3  4  5  6  7  8  9 |
---------------+----------------------------+-----
Axes           | 3 4 5 7 8 9 12 13 | 13.4
Fighting       | 4 5 6 7 8 9 |  9.5
Armour         | |  3.2
Shields        | |  3.2

Action                     |  1- 3 |  4- 6 |  7- 9 || total
---------------------------+-------+-------+-------++-------
  Melee: War axe           |   152 |    96 |    27 ||   275
         Hand axe          |       |       |   284 ||   284
  Throw: Dart              |       |     2 |     3 ||     5
  Evoke: Wand              |       |       |     5 ||     5
    Use: Potion            |     2 |     1 |       ||     3
         Scroll            |       |     5 |       ||     5
 Armour: Scale mail        |   104 |    71 |   164 ||   339
         Skin              |    22 |       |       ||    22
         Leather armour    |       |       |    10 ||    10
  Dodge: Dodged            |    62 |    43 |    86 ||   191
  Block: Buckler           |    37 |    18 |   117 ||   172
         Reflection        |       |       |     1 ||     1

Table legend: (Time is in decaauts)
 A = Elapsed time spent in this place.
 B = Non-inter-level travel time spent in this place.
 C = Inter-level travel time spent in this place.
 D = Time resting spent in this place.
 E = Time spent auto-exploring this place.
 F = Levels seen in this place.
 G = Mean time per level.
                   A        B        C        D        E       F      G
               +--------+--------+--------+--------+--------+-----+--------+
         Total |   6363 |   6232 |    131 |    279 |   4760 |   9 |  707.0 |
       Dungeon |   5969 |   5847 |    122 |    279 |   4526 |   7 |  852.7 |
        Temple |     20 |     11 |      9 |      0 |      0 |   1 |   20.0 |
         Sewer |    373 |    373 |      0 |      0 |    234 |   1 |  373.0 |
               +--------+--------+--------+--------+--------+-----+--------+

Top non-repeatable levels by time:
     D:5: 1506 daAuts
     D:1: 1284 daAuts
     D:2: 1151 daAuts
     D:4: 819 daAuts
     D:6: 712 daAuts
     D:7: 424 daAuts
   Sewer: 373 daAuts
     D:3: 70 daAuts
  Temple: 20 daAuts
